 Dungeon Crawl Stone Soup version 0.17-a0-1020-ge683cc4 (webtiles) character file.

369 PhynixH2O the Chopper (level 6, -5/53 HPs)
             Began as a Minotaur Fighter on May 14, 2015.
             Slain by Pikel
             ... wielding a +1 whip of electrocution
              (18 damage)
             ... on level 4 of the Dungeon.
             The game lasted 00:13:46 (2716 turns).

PhynixH2O the Chopper (Minotaur Fighter)            Turns: 2716, Time: 00:13:47

Health: -5/53      AC: 10    Str: 22    XL:     6   Next: 41%
Magic:  5/5        EV:  7    Int: 11    God:
Gold:   211        SH: 10    Dex: 10    Spells: 0 memorised, 5 levels left

rFire  . . .     SeeInvis .     a - +0 war axe
rCold  . . .     Clarity  .     b - +0 scale mail
rNeg   . . .     SustAb   +     c - +0 shield
rPois  .         Gourm    .     (helmet restricted)
rElec  .         Spirit   .     w - +2 cloak {+Inv}
rCorr  .         Warding  .     (no gloves)
rMut   .         Stasis   .     (no boots)
MR     .....                    (no amulet)
Stlth  ..........               r - ring of sustain abilities
                                i - +6 ring of intelligence

@: not resistant to hostile enchantments, extremely unstealthy
A: retaliatory headbutt, horns 2
a: Evoke Invisibility


You were on level 4 of the Dungeon.
You were not hungry.

You visited 1 branch of the dungeon, and saw 4 of its levels.

You collected 211 gold pieces.

Inventory:

Hand weapons
 a - a +0 war axe (weapon)
 F - a +0 hand crossbow
Missiles
 G - 39 bolts
Armour
 b - a +0 scale mail (worn)
 c - a +0 shield (worn)
 w - a +2 cloak of invisibility (worn)
Jewellery
 i - a +6 ring of intelligence (left hand)
 r - a ring of sustain abilities (right hand)
 E - an uncursed ring of magical power
Magical devices
 y - a wand of frost (22)
Scrolls
 f - 8 scrolls of identify {unknown}
 l - a scroll of random uselessness {unknown}
 n - 7 scrolls of remove curse {unknown}
 p - 2 scrolls of magic mapping {unknown}
 t - 2 scrolls of enchant weapon {unknown}
 B - 2 scrolls of fear {unknown}
 C - 2 scrolls of enchant armour {unknown}
 D - a scroll of recharging {unknown}
Potions
 d - a potion of might
 g - a potion of heal wounds {unknown}
 j - a potion of cancellation {unknown}
 o - 2 potions of lignification {unknown}
 q - a potion of mutation {unknown}
 u - 2 potions of brilliance {unknown}
 x - a potion of invisibility {unknown}
 z - a potion of agility
 A - a potion of curing {unknown}
 H - a potion of berserk rage {unknown}
 I - a potion of poison {unknown}
Comestibles
 e - 5 bread rations
 h - 7 chunks of flesh
 k - a meat ration
 m - a royal jelly
 s - 3 fruits
 v - 3 slices of pizza


   Skills:
 + Level 4.7 Fighting
 - Level 5.5 Axes
 * Level 0.2 Crossbows
 + Level 5.0 Armour
 + Level 5.3 Shields


You had 5 spell levels left.
You didn't know any spells.

Dungeon Overview and Level Annotations

Branches:
Dungeon (4/15)
 Temple: D:4-7

Altars:
Sif Muna

Annotations:
D:4 Pikel


Innate Abilities, Weirdness & Mutations

You reflexively headbutt those who attack you in melee.
You have a pair of horns on your head.


Message History

You closely miss Pikel.
Pikel is almost dead.
Pikel hits you but does no damage.
You are electrocuted!
You barely miss Pikel. Your headbutt misses Pikel.
Pikel is almost dead.
Pikel hits you with a whip of electrocution.
* * * LOW HITPOINT WARNING * * *
Pikel hits you with a whip of electrocution.
* * * LOW HITPOINT WARNING * * *
You hit Pikel but do no damage. Your headbutt misses Pikel.
Pikel is almost dead.
Pikel hits you but does no damage.
You closely miss Pikel. Your headbutt misses Pikel.
Pikel is almost dead.
You block Pikel's attack.
Your shield and scale mail prevent you from hitting Pikel.
Your headbutt misses Pikel.
Pikel is almost dead.
Pikel hits you but does no damage.
You are electrocuted!
You die...

#.#.#..# #.# #.#.#..# #.##
#......# #...
##########......# #...
#...............##########.#
##########..pp.............##
###p#...............
#K################ #####
#@)..)..#
######...#######....#
#...........# #....#######
#.####...##.# #..........###
#.#.......#.# #.#..........#
#.#.##....#.####.#..........#
#<#.#............#..........##
#.#.#..(..#.######.....#......
#.#.#.....#.# ###.....#......


You could see Pikel and 3 slaves.

Vanquished Creatures
  An ogre (D:4)
  Crazy Yiuf (D:2)
  Jessica (D:3)
  Terence (D:2)
  Natasha (D:2)
  An iguana (D:4)
  8 adders
  A gnoll (D:1)
  A shadow imp (D:2)
  An adder skeleton (D:4)
  A worm (D:2)
  3 orcs (D:3)
  5 bats
  4 giant cockroaches
  10 goblins
  9 hobgoblins
  2 ball pythons
  2 giant geckos
  4 giant newts
  14 kobolds
  2 quokkas
  7 rats
  7 fungi (D:2)
87 creatures vanquished.

Notes
Turn   | Place    | Note
--------------------------------------------------------------
     0 | D:1      | PhynixH2O the Minotaur Fighter began the quest for the Orb.
     0 | D:1      | Reached XP level 1. HP: 19/19 MP: 0/0
   171 | D:1      | Reached XP level 2. HP: 26/26 MP: 1/1
   549 | D:1      | Reached XP level 3. HP: 27/31 MP: 2/2
   699 | D:1      | Reached skill level 4 in Axes
   794 | D:2      | Found a deep blue altar of Sif Muna.
   988 | D:2      | Noticed Crazy Yiuf
   991 | D:2      | Killed Crazy Yiuf
   991 | D:2      | Reached XP level 4. HP: 30/40 MP: 3/3
  1107 | D:2      | Noticed Terence
  1118 | D:2      | Killed Terence
  1226 | D:2      | Noticed Natasha
  1235 | D:2      | Killed Natasha
  1512 | D:2      | Reached XP level 5. HP: 46/46 MP: 4/4
  1589 | D:3      | Noticed Jessica
  1594 | D:3      | Killed Jessica
  1823 | D:3      | Reached skill level 5 in Axes
  2577 | D:4      | Noticed an ogre
  2578 | D:4      | Reached XP level 6. HP: 42/53 MP: 5/5
  2626 | D:4      | Killed an ogre
  2626 | D:4      | Reached skill level 5 in Armour
  2626 | D:4      | Reached skill level 5 in Shields
  2675 | D:4      | Noticed a slave
  2675 | D:4      | Noticed a slave
  2676 | D:4      | Noticed Pikel
  2703 | D:4      | Noticed a slave
  2716 | D:4      | Slain by Pikel

Vault maps used:
D:1:      tarquinn_simple_flora_water_b
D:2:      lemuel_crystal_altar, first_bread, minmay_gold_behind_fungi,
          uniq_terence, uniq_natasha, uniq_crazy_yiuf_cottage
D:3:      uniq_jessica
D:4:      uniq_pikel

Action                   |  1- 3 |  4- 6 || total
-------------------------+-------+-------++-------
Melee: War axe           |    62 |   168 ||   230
 Fire: Hand crossbow     |       |     2 ||     2
  Eat: Chunk             |       |     6 ||     6
